cohdb
Replays
Latest Replays
All Replays
Popular Replays
Top Player Replays
Match Explorer
How It Works
Community
CoH3 Stats
Reddit
Sign in to upload your games and track your stats! →
Sign in with Steam
Match 40920195
Unlisted
Match 40920195
Overview
Messages
Build Orders
End
Construct Infanterie Kompanie
Grenadier Squad
MG 42 Machine Gun Team
GrW 34 Mortar Team
Grenadier Squad
Selects Breakthrough Battlegroup
Selects Assault Grenadiers
Construct Panzergrenadier Kompanie
Grenadier Squad
Infanterie Officer Quarters
251 Medium Carrier
Selects Smoke Bombing Run
Pak 40 Anti-tank Gun Team
251 Medium Carrier
Selects Smoke Bombing Run
Selects Incendiary Bombing Run
Support Elements
Nebelwerfer 42 Rocket Launcher Team
Panzergrenadier Squad
Selects Rapid Production
Construct Panzer Kompanie
Panzergrenadier Squad
Incendiary Bombing Run
Panzergrenadier Officer Quarters
Panzer IV Medium Tank
Pioneer Squad
Stoßtruppen Squad
Selects Blitzkrieg
Panzer IV Medium Tank
Selects Tiger Heavy Tank
Panzergrenadier Squad
EndlessAbyss
Rancid
Mef39
Tango
Turtleboy
GoonLord
0
0
Comments
sign in to comment!
No comments posted yet!